 Dungeon Crawl Stone Soup version 0.20.1-1-g8b1a95d (webtiles) character file.

349 tmwrnj the Covered (level 6, -3/53 HPs)
             Began as a Hill Orc Fighter on Sept 28, 2017.
             Was an Initiate of Beogh.
             Slain by Natasha (6 damage)
             ... on level 3 of the Dungeon.
             The game lasted 00:10:57 (4497 turns).

tmwrnj the Covered (Hill Orc Fighter)               Turns: 4497, Time: 00:10:57

Health: -3/53      AC: 14    Str: 20    XL:     6   Next: 60%
Magic:  6/6        EV:  4    Int:  8    God:    Beogh [......]
Gold:   210        SH:  9    Dex: 11    Spells: 5/5 levels left

rFire    . . .     SeeInvis .   a - +0 flail
rCold    . . .     Gourm    .   c - +0 shield
rNeg     . . .     Faith    .   r - +0 plate armour
rPois    .         Spirit   .   (no helmet)
rElec    .         Reflect  .   s - +0 cloak
rCorr    .         Harm     .   (no gloves)
MR       .....                  i - +0 pair of boots
Stlth    ..........             (no amulet)
Regen    0.2/turn               (no ring)
MPRegen  0.1/turn               (no ring)

@: slowed, very slow
A: no striking features
a: Renounce Religion


You were on level 3 of the Dungeon.
You worshipped Beogh.
Beogh was noncommittal.
You were hungry.

You visited 1 branch of the dungeon, and saw 4 of its levels.

You collected 210 gold pieces.

Inventory:

Hand Weapons
 a - a +0 flail (weapon)
Armour
 c - a +0 shield (worn)
 i - a +0 pair of boots (worn)
 r - a +0 plate armour (worn)
 s - a +0 cloak (worn)
Wands
 p - a wand of confusion (21/48)
 v - a wand of digging (15/24)
Scrolls
 e - 3 scrolls of identify {unknown}
 g - 2 scrolls of fear {unknown}
 o - a scroll of remove curse {unknown}
 q - a scroll of magic mapping {unknown}
 t - 2 scrolls of teleportation
Potions
 d - 2 potions of might
 j - a potion of mutation {unknown}
 l - 2 potions of curing {unknown}
 m - a potion of heal wounds {unknown}
 u - a potion of haste {unknown}
Comestibles
 f - 3 bread rations
 h - 5 fruits
 k - 3 meat rations
 n - a royal jelly


   Skills:
 + Level 4.6 Fighting
 + Level 4.1 Maces & Flails
 + Level 5.0 Armour
 + Level 1.2 Dodging
 + Level 4.8 Shields


You had 5 spell levels left.
You didn't know any spells.

Dungeon Overview and Level Annotations

Branches:
Dungeon (4/15)
 Temple: D:4-7

Altars:
Trog

Annotations:
D:3 Natasha


Message History

You block the white imp's attack.
You feel yourself speed up. Natasha claws you but does no damage.
The white imp hits you but does no damage.
The white imp gestures at you. You block the puff of frost.
Natasha closely misses you.
Natasha wildly gestures.
You feel troubled.
Natasha stares at you and mumbles some strange words.
The magic dart hits you! Natasha casts a spell at you.
You feel yourself slow down.
The white imp shouts, "Go and return not, thou unmuzzled tardy-gaited canker-blossom!"
The white imp disappears in a puff of smoke!
The white imp gestures at you. The puff of frost hits you!
You block Natasha's attack. Natasha claws you.
You die...

...#........)...#
.>.......#...##.######
.....................#
.......#.............#
.......#.............#
..[..#.#.............#
.....#...............#
)......####..).......#
.....#..###...##@#####
#.#####........#h#### #...
.##.......#.5..##
.####............##..##### .###
###.........###.....# ...#
##(...........####.#####
.#.####.......).##..####.....#
................###....#.....#
................###..........##


You could see Natasha and a white imp.

Vanquished Creatures
  A scorpion (D:4)
  Crazy Yiuf (D:3)
  Natasha (twice) (D:3)
  Terence (D:3)
  2 worker ants
  A hound skeleton (D:4)
  A gnoll (D:1)
  4 adders
  An ooze (D:1)
  An adder skeleton (D:4)
  A worm (D:3)
  3 dart slugs
  A leopard gecko (D:1)
  An orc (D:3)
  4 ball pythons
  6 bats
  4 giant cockroaches
  10 goblins
  6 hobgoblins
  7 jackals
  6 kobolds
  5 quokkas
  4 frilled lizards
  2 rats
  9 fungi
84 creatures vanquished.

Vanquished Creatures (others)
  An orc wizard (D:4)
  A howler monkey (D:4)
  An orc priest (D:4)
  A shadow imp (D:4)
  An adder skeleton (D:4)
  3 orcs (D:4)
  A frilled lizard (D:4)
  A leopard gecko skeleton (D:4)
  A fungus (D:3)
11 creatures vanquished.

Grand Total: 95 creatures vanquished

Notes
Turn   | Place    | Note
-------+----------+-------------------------------------------
     0 | D:1      | tmwrnj the Hill Orc Fighter began the quest for the Orb.
     0 | D:1      | Reached XP level 1. HP: 19/19 MP: 1/1
   181 | D:1      | Reached XP level 2. HP: 26/27 MP: 2/2
   451 | D:1      | Reached XP level 3. HP: 33/33 MP: 3/3
  1691 | D:2      | Reached skill level 4 in Armour
  1691 | D:2      | Reached XP level 4. HP: 28/40 MP: 4/4
  1857 | D:2      | Found a bloodstained altar of Trog.
  2055 | D:2      | You fall through a shaft!
  2091 | D:3      | Noticed an ogre
  2734 | D:3      | Reached XP level 5. HP: 32/46 MP: 5/5
  2864 | D:3      | Noticed Natasha
  2870 | D:3      | Killed Natasha
  2870 | D:3      | Reached skill level 1 in Dodging
  2922 | D:3      | Noticed Natasha
  2933 | D:3      | Killed Natasha
  2949 | D:3      | Noticed Natasha
  3048 | D:3      | Found a runed door.
  3052 | D:3      | Noticed Crazy Yiuf
  3061 | D:3      | Killed Crazy Yiuf
  3263 | D:4      | Became a worshipper of Beogh the Brigand
  3305 | D:4      | HP: 2/47 [something/magic dart (4)]
  3660 | D:3      | Noticed Terence
  3669 | D:3      | Killed Terence
  3669 | D:3      | Reached XP level 6. HP: 53/53 MP: 6/6
  4358 | D:3      | Reached skill level 5 in Armour
  4488 | D:3      | HP: 1/53 [Natasha (6)]
  4497 | D:3      | Slain by Natasha

Skill      XL: |  1  2  3  4  5  6 |
---------------+-------------------+-----
Fighting       | 4 |  4.6
Armour         | 4 5 |  5.0
Maces & Flails | 3 4 |  4.1
Shields        | 4 |  4.8
Dodging        | 1 |  1.2

Action                   |  1- 3 |  4- 6 || total
-------------------------+-------+-------++-------
Melee: Flail             |   176 |   267 ||   443
       Unarmed           |       |     7 ||     7
Invok: Convert to Beogh  |       |     1 ||     1
  Use: Scroll            |       |     1 ||     1
  Eat: Chunk             |     3 |     7 ||    10
       Fruit             |       |     2 ||     2
Armor: Scale mail        |    58 |    21 ||    79
       Plate armour      |       |   197 ||   197
       Skin              |       |     5 ||     5
Dodge: Dodged            |    41 |    73 ||   114
Block: Shield            |    71 |   150 ||   221
